 Dungeon Crawl Stone Soup version 0.29-a0-664-gff9cad4a3d (webtiles) character file.

Game seed: 10927727472487901042

6174 DocClef the Spear-Bearer (level 10, -5/45 HPs)
             Began as a Vine Stalker Fighter on June 22, 2022.
             Was a Follower of Hepliaklqana.
             Slain by a centaur warrior
             ... wielding a +2 hand crossbow of flaming
              (7 damage)
             ... on level 9 of the Dungeon.
             The game lasted 00:09:59 (8185 turns).

DocClef the Spear-Bearer (Vine Stalker Fighter)     Turns: 8185, Time: 00:09:59

Health: -5/45      AC:  8    Str: 24    XL:     10   Next: 91%
Magic:  0/11       EV: 14    Int:  8    God:    Hepliaklqana [*.....]
Gold:   257        SH:  5    Dex: 17    Spells: 9/9 levels left

rFire   . . .      SeeInvis .   v - +11 spear "Dragon's Tongue" {vorpal, rC+}
rCold   + . .      Faith    .   c - +0 buckler
rNeg    + . .      Spirit   +   I - +0 steam dragon scales
rPois   .          Reflect  .   y - +0 helmet of the Invisible Gods {*Slow Will+ Dex+4}
rElec   .          Harm     .   o - +0 cloak
rCorr   .          Rampage  .   t - +0 pair of gloves
Will    ++...                   (no boots)
Stlth   ++........              (no amulet)
HPRegen 0.95/turn               h - +4 ring of evasion
MPRegen 0.12/turn               s - ring of positive energy

@: no status effects
A: reduced essence, fangs 3, regeneration 1, magic shield, antimagic bite, no
potion heal 2
a: Renounce Religion, Recall Ancestor, Ancestor Identity


You were on level 9 of the Dungeon.
You worshipped Hepliaklqana.
Hepliaklqana was aware of your devotion.
You visited 2 branches of the dungeon, and saw 10 of its levels.
You also visited: Sewer and Ossuary.

You collected 542 gold pieces.
You spent 285 gold pieces at shops.

Inventory:

Hand Weapons
 a - a +0 flail
 v - the +11 spear "Dragon's Tongue" (weapon) {vorpal, rC+}
   (You found it on level 6 of the Dungeon)

   It inflicts extra damage upon your enemies.
   rC:        It protects you from cold.
Missiles
 E - 2 throwing nets (quivered)
Armour
 b - a +0 scale mail
 c - a +0 buckler (worn)
 f - a +2 hat
 o - a +0 cloak (worn)
 t - a +0 pair of gloves (worn)
 y - the +0 helmet of the Invisible Gods (worn) {*Slow Will+ Dex+4}
   (You bought it in a shop on level 6 of the Dungeon)

   Dex:       It affects your dexterity (+4).
   *Slow:     It may slow you when you take damage.
   Will:      It increases your willpower.
 I - +0 steam dragon scales (worn)
Jewellery
 g - a ring of flight
 h - a +4 ring of evasion (left hand)
 s - a ring of positive energy (right hand)
 w - a +6 ring of dexterity
 H - an amulet of the acrobat
Wands
 z - a wand of mindburst (19)
 F - a wand of charming (11)
 G - a wand of flame (6)
Scrolls
 e - 7 scrolls of identify
 m - 4 scrolls of fear
 n - 3 scrolls of teleportation
 p - 2 scrolls of fog
 A - 3 scrolls of noise {unknown}
 B - 2 scrolls of brand weapon {unknown}
 C - a scroll of magic mapping {unknown}
 D - 2 scrolls of enchant armour
Potions
 d - a potion of might
 i - a potion of brilliance
 j - 2 potions of attraction
 k - 3 potions of curing
 l - 9 potions of flight
 q - 3 potions of lignification
 r - 2 potions of invisibility
 u - a potion of mutation {unknown}
 x - a potion of resistance {unknown}


   Skills:
 - Level 5.2 Fighting
 - Level 8.6 Maces & Flails
 + Level 11.3 Polearms
 - Level 2.4 Armour
 - Level 2.6 Shields


You had 9 spell levels left.
You didn't know any spells.
Your spell library contained the following spells:

 Spells                   Type           Power      Damage    Failure   Level
 Apportation              Tloc           0%         N/A       50%         1
 Necrotize                Necr           0%         1d4       50%         1
 Summon Small Mammal      Summ           0%         N/A       50%         1
 Ensorcelled Hibernation  Hex/Ice        0%         N/A       65%         2
 Passwall                 Tmut/Erth      0%         N/A       65%         2
 Poisonous Vapours        Pois/Air       0%         N/A       65%         2
 Call Canine Familiar     Summ           0%         N/A       86%         3
 Dazzling Flash           Conj/Hex       0%         N/A       86%         3
 Inner Flame              Hex/Fire       0%         N/A       86%         3
 Mephitic Cloud           Conj/Pois/Air  0%         N/A       86%         3
 Portal Projectile        Hex/Tloc       0%         N/A       86%         3
 Summon Guardian Golem    Hex/Summ       0%         N/A       86%         3
 Swiftness                Air            0%         N/A       86%         3
 Tukima's Dance           Hex            0%         N/A       86%         3
 Cause Fear               Hex            0%         N/A       99%         4
 Fulminant Prism          Conj/Hex       0%         3d6       99%         4
 Iskenderun's Mystic Bla  Conj/Tloc      0%         2d3       99%         4
 Agony                    Necr           0%         N/A       100%        5
 Alistair's Intoxication  Tmut/Pois      0%         N/A       100%        5
 Blade Hands              Tmut           0%         N/A       100%        5
 Lee's Rapid Deconstruct  Erth           0%         3d5*      100%        5
 Silence                  Hex/Air        0%         N/A       100%        5
 Yara's Violent Unravell  Hex/Tmut       0%         3d3       100%        5
 Discord                  Hex            0%         N/A       100%        8


Dungeon Overview and Level Annotations

Branches:
Dungeon (9/15)             Temple (1/1) D:5             Orc (0/2) D:9
  Sewer (visited)         Ossuary (visited)
   Lair: D:8-11

Altars:
Ashenzari
Cheibriados
Dithmenos
Elyvilon
Fedhas
Gozag
Hepliaklqana
Kikubaaqudgha
Makhleb
Nemelex Xobeh
Okawaru
Qazlal
Ru
Sif Muna
Trog
Uskayaw
Vehumet
Wu Jian
Xom
Yredelemnul
Zin
The Shining One

Shops:
D:6 *[?[

Annotations:
D:9 1 runed translucent door


Innate Abilities, Weirdness & Mutations

Your life essence is reduced to manifest your ancestor. (-10% HP)
You have razor-sharp teeth.
Your natural rate of healing is unusually fast.
When hurt, damage is shared between your health and your magic reserves.
Your bite disrupts and absorbs the magic of your enemies.
Potions cannot restore your health.


Message History

You are too injured to fight recklessly!
You closely miss the bullfrog. Your bite misses the bullfrog.
The bullfrog hits you but does no damage.
You barely miss the bullfrog. The bullfrog closely misses you.
You hit the bullfrog. You bite the bullfrog. You drain its power.
The bullfrog is heavily wounded.
The bullfrog hits you but does no damage.
You hit the bullfrog.
The bullfrog is almost dead.
You impale the bullfrog!!
You kill the bullfrog!
Shiptu barely misses the wight.
Things that are here:
a +1 hat of stealth; the elephant slug corpse of Gastronok You reach to attack!
You closely miss the wight.
You reach to attack!
You impale the wight!!
You destroy the wight!
No target in view!
No target in view!
No target in view!
A centaur warrior comes into view.
It is wielding a +2 hand crossbow of flaming.
A centaur warrior is nearby!
A centaur warrior is nearby!
A centaur warrior is nearby!
The centaur warrior shoots a bolt.
The bolt hits you!! The bolt burns you.
The centaur warrior shoots a bolt.
The bolt hits you! The bolt burns you.
The centaur warrior shoots a bolt.
The bolt closely misses you.
You are too injured to fight recklessly!
A wraith and a basilisk come into view.
Found a short sword.
The centaur warrior shoots a bolt.
The bolt hits you!
* * * LOW HITPOINT WARNING * * *
The bolt burns you!
* * * LOW HITPOINT WARNING * * *
Unknown command.
Okay, then.
A deep elf pyromancer comes into view.
It is wielding a +1 short sword of speed.
The deep elf pyromancer shouts!
You hear a roar!
You block the centaur warrior's attack. The centaur warrior closely misses you.
The centaur warrior hits you with a +2 hand crossbow of flaming!
You die...

##....### #..### .##...# #).###
#.##.### .#...# ##..#
#.#.#..### ...# ....# #
#)###....###..# ##..# ..# #
#........(..†.## #..#
#..#.#[###....###...# ##..#
#..#.#.#..###.....# ....#
#.R##.###....#..# #...#
##@.###....#.#..# #...#
#...Wc###........#.## #...#
.e.l####...######.#.# #...#
..###....#..........## #...#
###...###............# ##..#
###...### #..####.####.#
....####...##...##...........(#
.........####...##.#......#..##
.........# #....#.#.###### .#


You could see the friendly Shiptu the ancestor, a centaur warrior (ally target),
a deep elf pyromancer, a basilisk and a wraith.

Vanquished Creatures
  A cyclops (D:9)
  A troll (D:9)
  A slime creature (D:9)
  A wraith (D:9)
  A warg (D:9)
  A steam dragon (D:9)
  Menkaure (D:7)
  Duvessa (D:5)
  4 water moccasins
  2 orc warriors (D:8)
  A sky beast (D:7)
  2 black bears
  3 centaurs
  4 ogres
  3 kobold brigands
  2 necrophages
  4 bullfrogs
  2 scorpions
  A wight (D:9)
  Dowan (D:5)
  6 killer bees (D:9)
  An electric eel (D:9)
  4 howler monkeys
  A hound (D:4)
  3 human zombies (Ossuary)
  A jelly (D:6)
  Crazy Yiuf (D:2)
  3 orc priests
  4 iguanas
  10 orc wizards
  A merfolk siren (Sewer)
  A merfolk avatar (Sewer)
  3 mummies
  14 adders
  A river rat (Sewer)
  A shadow imp (D:7)
  A white imp (D:7)
  2 adder zombies (Ossuary)
  3 worms
  2 dart slugs
  29 orcs
  2 bats
  3 endoplasms
  11 giant cockroaches
  13 goblins
  9 hobgoblins
  4 jackals
  19 kobolds
  3 quokkas
  16 ball pythons
  10 frilled lizards
  2 goblin zombies
  12 hobgoblin zombies
  A jackal zombie (Ossuary)
  5 kobold zombies (Ossuary)
  11 orc zombies (Ossuary)
  25 rats
  3 rat zombies (Ossuary)
278 creatures vanquished.

Vanquished Creatures (collateral kills)
  Gastronok (D:9)
  An orc (D:9)
  A kobold (D:9)
3 creatures vanquished.

Vanquished Creatures (others)
  An ancestor (D:9)
  13 plants (D:4)
14 creatures vanquished.

Grand Total: 295 creatures vanquished

Notes
Turn   | Place    | Note
-------+----------+-------------------------------------------
     0 | D:1      | DocClef the Vine Stalker Fighter began the quest for the
                  | Orb.
     0 | D:1      | Reached XP level 1. HP: 11/11 MP: 2/2
   197 | D:1      | Reached XP level 2. HP: 16/16 MP: 3/3
   512 | D:1      | Reached XP level 3. HP: 4/21 MP: 4/4
  1546 | D:2      | Gained mutation: Your natural rate of healing is unusually
                  | fast. [Vine Stalker growth]
  1546 | D:2      | Reached XP level 4. HP: 26/26 MP: 5/5
  1922 | D:2      | Found a faded altar of an unknown god.
  1991 | D:2      | Found a runed translucent door.
  1992 | D:2      | Noticed Crazy Yiuf
  2003 | D:2      | HP: 1/25 [Crazy Yiuf/+2 quarterstaff of chaos (7)]
  2005 | D:2      | Killed Crazy Yiuf
  2293 | D:3      | Reached skill level 5 in Fighting
  2326 | D:3      | Reached XP level 5. HP: 30/30 MP: 4/6
  2581 | D:3      | Got the Handbook of Venomous Execration
  2737 | D:3      | Found a glowing drain.
  2758 | Sewer    | Entered a sewer
  3002 | Sewer    | Noticed a malarious merfolk avatar
  3020 | Sewer    | Reached XP level 6. HP: 24/35 MP: 7/7
  3574 | D:4      | Found a sand-covered staircase.
  3587 | Ossuary  | Entered an ossuary
  3681 | Ossuary  | Reached XP level 7. HP: 39/39 MP: 8/8
  3723 | Ossuary  | Reached skill level 5 in Maces & Flails
  4256 | D:5      | Entered Level 5 of the Dungeon
  4311 | D:5      | Noticed Dowan
  4311 | D:5      | Noticed Duvessa
  4334 | D:5      | Killed Duvessa
  4335 | D:5      | Gained mutation: You have razor-sharp teeth. [Vine Stalker
                  | growth]
  4335 | D:5      | Reached XP level 8. HP: 24/43 MP: 9/9
  4347 | D:5      | Killed Dowan
  4847 | D:5      | Found a staircase to the Ecumenical Temple.
  5070 | Temple   | Entered the Ecumenical Temple
  5263 | Temple   | Became a worshipper of Hepliaklqana the Forgotten
  5563 | D:6      | Identified the +11 spear "Dragon's Tongue" {vorpal, rC+}
  5607 | D:6      | Found Noklon's Magic Scroll Boutique.
  5616 | D:6      | Reached skill level 1 in Polearms
  5629 | D:6      | Found Tiarph Mony's Antique Armour Boutique.
  5637 | D:6      | Bought a glimmering helmet for 285 gold pieces
  5637 | D:6      | Identified the +0 helmet of the Invisible Gods {*Slow Will+
                  | Dex+4} (You bought it in a shop on level 6 of the Dungeon)
  5650 | D:6      | Found Enopum's General Store.
  5693 | D:6      | Reached skill level 2 in Polearms
  5700 | D:6      | Reached skill level 3 in Polearms
  5719 | D:6      | Found Byn Vigriw's Armour Shop.
  5750 | D:6      | Reached XP level 9. HP: 47/47 MP: 10/10
  5909 | D:6      | Found a white marble altar of Elyvilon.
  5916 | D:6      | Reached skill level 4 in Polearms
  6082 | D:7      | Reached skill level 5 in Polearms
  6445 | D:7      | Reached skill level 6 in Polearms
  6752 | D:7      | Noticed Menkaure
  6758 | D:7      | Killed Menkaure
  6874 | D:8      | Reached skill level 7 in Polearms
  7035 | D:8      | Found a basalt altar of Yredelemnul.
  7115 | D:8      | Found a bloodstained altar of Trog.
  7215 | D:8      | Reached skill level 8 in Polearms
  7267 | D:8      | Reached * piety under Hepliaklqana
  7539 | D:9      | Reached XP level 10. HP: 43/45 MP: 11/11
  7681 | D:9      | Reached skill level 9 in Polearms
  7875 | D:9      | Found a staircase to the Orcish Mines.
  8083 | D:9      | Noticed a cyclops
  8090 | D:9      | Killed a cyclops
  8091 | D:9      | Reached skill level 10 in Polearms
  8097 | D:9      | Found a runed translucent door.
  8138 | D:9      | Noticed Gastronok
  8153 | D:9      | Killed Gastronok
  8154 | D:9      | Reached skill level 11 in Polearms
  8181 | D:9      | Noticed a centaur warrior
  8184 | D:9      | HP: 1/45 [centaur warrior/bolt (6)]
  8185 | D:9      | Noticed a deep elf pyromancer
  8185 | D:9      | Slain by a centaur warrior

Illustrated notes

Levels and vault maps discovered:
D:1:      dpeg_arrival_chambers_temple_mockup, layout_rooms,
          minmay_misc_feat_enclosed, minmay_shallow_snake_nest
D:2:      layout_basic, shapermc_ecumenical_altar_hornbeckon,
          skrybe_limestone_x, uniq_crazy_yiuf_cottage
D:3:      layout_loops_ring, cheibrodos_sewer_entry_bend
D:4:      layout_rooms, nicolae_ossuary_entry_giza, supply_closet_lemuel,
          corner_web_ring, serial_bayou_ford_a
D:5:      layout_basic, lemuel_temple_firewalk_a, uniq_duvessa
D:6:      layout_rooms, mainiacjoe_overflow_tiny_flanked, serial_shops, shop,
          shop, shop, nicolae_shop_behind_doors
D:7:      layout_basic, corexii_item_surrounded_by_moat, uniq_menkaure
D:8:      layout_layer_cave, mainiacjoe_overflow_big_doors, nrook_mini_backslash
D:9:      minmay_the_grid_triangle_9x9_rhombus_thin
          [minmay_the_grid_triangle_9x9_windchime,
          minmay_the_grid_triangle_9x9_prize_schism,
          minmay_the_grid_triangle_9x9_fully_insulated_deathbox,
          minmay_the_grid_triangle_9x9_warning], layout_basic, david_orc_3,
          nicolae_water_bricks, uniq_gastronok
Temple:   compressed_dpeg_triangle_lava_temple

Skill      XL: |  1  2  3  4  5  6  7  8  9 10 |
---------------+-------------------------------+-----
Fighting       | 3 4 5 |  5.2
Maces & Flails | 3 4 6 8 |  8.6
Polearms       | 3 8 11 | 11.3
Armour         | |  2.4
Shields        | |  2.6

Action                   |  1- 3 |  4- 6 |  7- 9 | 10-12 || total
-------------------------+-------+-------+-------+-------++-------
Melee: Flail             |    98 |   294 |   199 |       ||   591
       Bite              |    17 |    68 |    80 |    24 ||   189
       Spear             |       |       |   129 |   104 ||   233
  Use: Scroll            |       |     7 |     3 |       ||    10
       Potion            |       |     5 |       |       ||     5
Armor: Scale mail        |    56 |    94 |    74 |    20 ||   244
       Steam dragon scal |       |       |       |     2 ||     2
Dodge: Dodged            |   114 |   153 |   171 |    23 ||   461
Block: Buckler           |    45 |    55 |    61 |    15 ||   176

Table legend: (Time is in decaauts)
 A = Elapsed time spent in this place.
 B = Non-inter-level travel time spent in this place.
 C = Inter-level travel time spent in this place.
 D = Time resting spent in this place.
 E = Time spent auto-exploring this place.
 F = Levels seen in this place.
 G = Mean time per level.
                   A        B        C        D        E       F      G
               +--------+--------+--------+--------+--------+-----+--------+
         Total |   8339 |   7916 |    423 |    146 |   5981 |  12 |  694.9 |
       Dungeon |   7290 |   6875 |    415 |    146 |   5451 |   9 |  810.0 |
        Temple |    205 |    197 |      8 |      0 |    159 |   1 |  205.0 |
         Sewer |    551 |    551 |      0 |      0 |    260 |   1 |  551.0 |
       Ossuary |    291 |    291 |      0 |      0 |    110 |   1 |  291.0 |
               +--------+--------+--------+--------+--------+-----+--------+

Top non-repeatable levels by time:
     D:1: 1174 daAuts
     D:5: 1084 daAuts
     D:2: 958 daAuts
     D:7: 796 daAuts
     D:3: 796 daAuts
     D:4: 683 daAuts
     D:9: 668 daAuts
     D:8: 662 daAuts
   Sewer: 551 daAuts
     D:6: 466 daAuts
 Ossuary: 291 daAuts
  Temple: 205 daAuts
